 Dungeon Crawl Stone Soup version 0.24.1 (webtiles) character file.

Game seed: 6370344271772954655, levelgen mode: deterministic

45 Descartes the Grasshopper (level 3, -13/16 HPs)
             Began as a Felid Warper on Mar 27, 2020.
             Was an Initiate of Dithmenos.
             Killed by divine providence
             ... invoked by an orc priest
              (14 damage)
             ... on level 3 of the Dungeon.
             The game lasted 00:11:05 (3505 turns).

Descartes the Grasshopper (Felid Warper)            Turns: 3505, Time: 00:11:06

Health: -13/16     AC:  1    Str:  8    XL:     3   Next: 42%
Magic:  7/7        EV: 18    Int: 14    God:    Dithmenos [......]
Gold:   149        SH:  0    Dex: 15    Spells: 2/6 levels left
                                        Lives:  0   Deaths: 1

rFire    . . .     SeeInvis +     - Unarmed
rCold    . . .     Gourm    .   (shield unavailable)
rNeg     . . .     Faith    .   (armour unavailable)
rPois    .         Spirit   .   (helmet unavailable)
rElec    .         Reflect  .   (cloak unavailable)
rCorr    .         Harm     .   (gloves unavailable)
MR       .....                  (boots unavailable)
Stlth    +++.......             (no amulet)
HPRegen  0.05/turn              (no ring)
MPRegen  0.10/turn              (no ring)

@: drained, quick
A: very small, no armour, no weapons or thrown items, stealth, claws 1, fangs 3,
see invisible, carnivore, speed 1, shaggy fur 1, slow metabolism 1, sharp paws
a: Renounce Religion


You were on level 3 of the Dungeon.
You worshipped Dithmenos.
Dithmenos was noncommittal.
You were completely stuffed.

You visited 1 branch of the dungeon, and saw 3 of its levels.

You collected 149 gold pieces.

Inventory:

Missiles
 a - 35 stones
 l - 57 arrows
Wands
 n - a wand of flame (7)
Scrolls
 b - 3 scrolls of blinking
 d - 3 scrolls of identify {unknown}
 e - a scroll of amnesia {unknown}
 f - a scroll of immolation {unknown}
 i - a scroll of random uselessness {unknown}
 k - 2 scrolls of magic mapping {unknown}
Potions
 g - a potion of invisibility {unknown}
 h - a potion of curing {unknown}
 j - a potion of lignification {unknown}
 m - a potion of heal wounds {unknown}
Comestibles
 c - 3 rations


   Skills:
 - Level 2.0(1.2) Fighting
 + Level 4.0(3.2) Dodging
 * Level 3.7(2.9) Stealth
 * Level 3.3(2.5) Unarmed Combat
 - Level 2.0(1.2) Spellcasting
 - Level 4.4(3.5) Translocations


You had 2 spell levels left.
You knew the following spells:

 Your Spells              Type           Power        Failure   Level  Hunger
a - Blink                 Tloc           N/A          9%          2    ###....
b - Shroud of Golubria    Chrm/Tloc      #.....       19%         2    ###....

Your spell library contained the following spells:

 Spells                   Type           Power        Failure   Level  Hunger
 Gell's Gravitas          Tloc           ##........   19%         3    ####...
 Lesser Beckoning         Tloc           ##........   19%         3    ####...
 Teleport Other           Tloc           ##......     19%         3    ####...
 Passage of Golubria      Tloc           N/A          52%         4    #####..


Dungeon Overview and Level Annotations

Branches:
Dungeon (3/15)

Altars:
Dithmenos

Annotations:
D:3 1 runed translucent door, Crazy Yiuf, Grinder


Innate Abilities, Weirdness & Mutations

You cannot wear armour.
You are incapable of wielding weapons or throwing items.
Your paws allow you to move quietly. (Stealth)
You have sharp claws.
You have razor-sharp teeth.
You have supernaturally acute eyesight. (SInv)
You are carnivorous and can eat meat at any time.
You cover ground quickly.
You are covered in fur. (AC +1)
You have a slow metabolism.
Your sharp claws are effective at attacking unaware monsters.


Message History

The hobgoblin shouts!
You hear a shout! x2
An orc comes into view.
A kobold and an orc come into view.
The kobold shouts!
A bat comes into view.
An orc priest comes into view. It is wielding a +0 flail.
The orc shouts!
The kobold throws a poisoned dart.
The poisoned dart closely misses you. The hobgoblin completely misses you.
You barely miss the hobgoblin. Your bite misses the hobgoblin.
The orc priest mumbles some strange prayers to Beogh against you.
Beogh smites you!
Ouch! That really hurt!
* * * LOW HITPOINT WARNING * * *
The hobgoblin misses you. The bat closely misses you.
The orc priest calls down the wrath of Beogh upon you.
Beogh smites you!
Ouch! That really hurt!
You die...

.#.# #.# #.. #.. .#.# #.#
#..##o.# (#.# #.#
>......#
.#.#####.#####.##.K.# #
#####.......##.##o..##.#.
....###.....##.##.o......
.#..#[......##.##.g......
..._#.......##.##b#
.#..##..........@.#
....#####......#### #####
########


You could see an orc priest, 2 orcs, a hobgoblin, a bat and a kobold.

Vanquished Creatures
  2 adders (D:2)
  3 oozes
  A worm (D:3)
  4 leopard geckos
  2 orcs (D:3)
  8 bats
  2 giant cockroaches
  7 goblins
  4 hobgoblins
  2 quokkas
  6 frilled lizards
  8 kobolds (D:1)
  7 rats
56 creatures vanquished.

Notes
Turn   | Place    | Note
-------+----------+-------------------------------------------
     0 | D:1      | Descartes the Felid Warper began the quest for the Orb.
     0 | D:1      | Reached XP level 1. HP: 9/9 MP: 4/4
    57 | D:1      | Reached skill level 1 in Stealth
    62 | D:1      | Reached XP level 2. HP: 5/13 MP: 6/6
   880 | D:1      | Reached XP level 3. HP: 5/16 MP: 7/7
  2304 | D:2      | Reached XP level 4. HP: 19/19 MP: 8/8
  2760 | D:3      | Noticed Grinder
  2768 | D:2      | Learned a level 2 spell: Blink
  2771 | D:2      | Learned a level 2 spell: Shroud of Golubria
  2883 | D:3      | Found a runed translucent door.
  2884 | D:3      | Noticed Crazy Yiuf
  3003 | D:3      | Paralysed by Grinder for 7 turns
  3007 | D:3      | Killed from afar by Grinder
  3008 | D:3      | Reached XP level 3. HP: 0/16 MP: 7/7
  3008 | D:3      | Found a shadowy altar of Dithmenos.
  3009 | D:3      | Became a worshipper of Dithmenos the Shadowed
  3505 | D:3      | Killed from afar by an orc priest

Levels and vault maps discovered:
D:1:      lightli_arrival_maybe_door_vault, layout_rooms, chequers_big_river,
          minmay_misc_feat_rugged, minmay_tetromino_o4
D:2:      layout_basic, minmay_misc_feat_five, solitary_fountain
D:3:      layout_loops_ring, lemuel_coloured_pillars_altar,
          minmay_misc_feat_tiny, makhleb_blood_cavern_becter, uniq_grinder,
          uniq_crazy_yiuf_cottage

Skill      XL: |  1  2  3 |
---------------+----------+-----
Stealth        | 1 2 3 |  3.7
Unarmed Combat | 3 |  3.3
Dodging        | 4 |  4.0
Fighting       | |  2.0
Spellcasting   | |  2.0
Translocations | |  4.4

Action                   |  1- 3 |  4- 6 || total
-------------------------+-------+-------++-------
Melee: Unarmed           |   155 |    32 ||   187
       Bite              |    14 |     2 ||    16
       Punch             |     1 |       ||     1
 Cast: Blink             |     1 |       ||     1
Evoke: Wand              |     2 |       ||     2
 Stab: Sleeping          |    10 |     4 ||    14
  Eat: Chunk             |    17 |     1 ||    18
Armor: Skin              |    10 |     1 ||    11
Dodge: Dodged            |   116 |    25 ||   141
